AoeStats
← 涂山红红

Arena

510264592Analyzed
4v4 RM · 12h ago on Sep 30, 2026· 61m 42s· 8 players
Game mode
Random Map
Map size
Large (8 player)
Population
200
Speed
Normal
Resources
Standard
Victory
Conquest
Starting age
Dark Age
Ending age
Imperial Age
RankedLock teamsTeams togetherTeam positionsShared explorationLock speedFull tech treeHidden civsTurbo modeCheats
Victory
Defeat
🇺🇸 Bulgarians · United States
1296
+17
🇲🇽 Malians · Mexico
1258
+18
🇳🇿 Ethiopians · New Zealand
1255
+17
🇨🇳 Mongols · China
1250
+18
🇨🇳 Bohemians · China
1750
-31
🇨🇳 Armenians · China
1618
-29
🇨🇳 Georgians · China
938
-5
🇨🇳 Magyars · China
923
-5
I ONLY MAKE SKIRMS
11:20 Feudal Age
14:49 Castle Age
12:56 Horse Collar
13:14 Double-Bit Axe
17:08 Scale Mail Armor
18:09 Chain Mail Armor
21:21 Bow Saw
27:44 Wheelbarrow
27:51 Gold Mining
31:05 Imperial Age
30:45 Fletching
30:55 Padded Archer Armor
30:53 Town Watch
30:54 Loom
31:47 Bodkin Arrow
31:34 Heavy Cavalry Archer
33:27 Bracer
33:42 Leather Archer Armor
35:00 Leather Archer Armor
36:37 Parthian Tactics
36:19 Thumb Ring
37:25 Ballistics
45:31 Siege Engineers
46:27 Chemistry
50:21 Capped Ram
Ratchet2krox
11:17 Feudal Age
14:49 Castle Age
12:32 Horse Collar
13:18 Stone Mining
15:27 Double-Bit Axe
15:33 Gold Mining
16:21 Stone Shaft Mining
17:46 Bow Saw
19:38 Loom
23:43 Wheelbarrow
26:01 Hand Cart
27:29 Forging
27:50 Fletching
28:36 Iron Casting
29:27 Bodkin Arrow
33:05 Imperial Age
31:36 Padded Archer Armor
31:36 Scale Mail Armor
32:46 Leather Archer Armor
32:47 Chain Mail Armor
32:42 Gold Mining
33:08 Elite Gbeto
34:09 Conscription
34:22 Ring Archer Armor
34:22 Plate Mail Armor
34:57 Gold Shaft Mining
35:35 Chemistry
34:56 Ballistics
34:54 Heavy Plow
36:01 Scale Barding Armor
36:47 Crop Rotation
36:57 Chain Barding Armor
38:07 Plate Barding Armor
51:23 Bloodlines
51:14 Husbandry
52:15 Farimba
52:16 Tigui
51:39 Light Cavalry
rukas
9:32 Feudal Age
13:27 Castle Age
12:26 Double-Bit Axe
13:33 Horse Collar
15:13 Bow Saw
26:00 Crossbowman
26:46 Thumb Ring
27:05 Fletching
27:55 Bodkin Arrow
31:50 Ballistics
32:57 Horse Collar
33:25 Gold Mining
34:12 Wheelbarrow
33:22 Loom
33:23 Town Watch
34:03 Squires
34:12 Padded Archer Armor
34:12 Stone Mining
34:57 Gold Shaft Mining
37:32 Imperial Age
35:30 Hand Cart
35:15 Heavy Plow
36:40 Forging
36:31 Scale Mail Armor
36:46 Leather Archer Armor
39:13 Chemistry
38:15 Torsion Engines
38:35 Conscription
37:37 Arbalester
38:19 Bracer
39:25 Siege Engineers
39:30 Masonry
41:10 Ring Archer Armor
42:54 Iron Casting
42:35 Chain Mail Armor
42:48 Halberdier
44:05 Murder Holes
44:40 Architecture
46:56 Plate Mail Armor
47:27 Blast Furnace
47:31 Guard Tower
48:56 Two-Man Saw
50:56 Elite Shotel Warrior
57:54 Keep
60:47 Guilds
61:07 Coinage
916036581
10:19 Feudal Age
14:31 Castle Age
12:19 Double-Bit Axe
12:44 Horse Collar
15:39 Bow Saw
15:30 Heavy Plow
27:54 Imperial Age
26:00 Scale Barding Armor
26:05 Forging
26:00 Loom
26:51 Chain Barding Armor
27:36 Iron Casting
27:02 Gold Mining
27:42 Husbandry
27:52 Bloodlines
29:17 Wheelbarrow
28:27 Town Watch
28:21 Elite Steppe Lancer
30:02 Blast Furnace
30:04 Gold Shaft Mining
31:09 Conscription
30:56 Stone Mining
31:00 Fletching
32:20 Chemistry
31:41 Ballistics
30:55 Light Cavalry
33:23 Stone Shaft Mining
32:43 Hussar
33:28 Bodkin Arrow
33:34 Padded Archer Armor
33:54 Elite Mangudai
35:47 Bracer
36:02 Leather Archer Armor
39:25 Hoardings
39:13 Hand Cart
49:04 Caravan
50:26 Onager
51:58 Drill
51:46 Siege Engineers
60:24 Hussar
有缘再见
4:38 Loom
10:57 Feudal Age
17:52 Castle Age
15:42 Double-Bit Axe
15:40 Horse Collar
16:00 Gold Mining
18:55 Bow Saw
19:00 Heavy Plow
23:10 Wheelbarrow
23:59 Gold Shaft Mining
24:37 Fletching
25:21 Hand Cart
26:25 Thumb Ring
28:17 Gold Shaft Mining
28:14 Stone Mining
28:59 Ballistics
33:08 Imperial Age
31:33 Bodkin Arrow
31:38 Padded Archer Armor
31:45 Scale Barding Armor
35:26 Chemistry
35:45 Parthian Tactics
36:38 Two-Man Saw
36:11 Crop Rotation
36:35 Corvinian Army
37:16 Heavy Cavalry Archer
38:20 Bracer
38:37 Leather Archer Armor
40:06 Chain Barding Armor
40:14 Elite Magyar Huszar
42:29 Ring Archer Armor
42:36 Plate Barding Armor
42:07 Recurve Bow
46:38 Bloodlines
46:29 Husbandry
47:05 Conscription
55:54 Light Cavalry
56:31 Hussar
56:48 Hussar
爱炸房的鳄鱼
10:14 Feudal Age
14:09 Castle Age
12:46 Double-Bit Axe
13:20 Horse Collar
18:13 Sanctity
18:42 Fervor
21:09 Scale Mail Armor
22:20 Forging
22:20 Arson
23:00 Loom
24:02 Chain Mail Armor
26:08 Iron Casting
28:09 Squires
34:36 Imperial Age
33:56 Stone Mining
34:26 Bow Saw
34:09 Gold Mining
37:21 Chemistry
36:09 Elite Skirmisher
36:23 Heavy Scorpion
36:30 Capped Ram
38:18 Plate Mail Armor
38:51 Heavy Scorpion
40:02 Bombard Tower
40:23 Heavy Scorpion
涂山红红
0:37 Loom
11:27 Feudal Age
15:45 Castle Age
15:10 Double-Bit Axe
22:24 Wheelbarrow
22:59 Bow Saw
22:42 Gold Mining
23:17 Horse Collar
24:36 Hand Cart
29:57 Imperial Age
28:32 Heavy Plow
28:27 Stone Mining
31:00 Forging
30:59 Scale Barding Armor
31:09 Treadmill Crane
32:31 Stone Shaft Mining
32:28 Crop Rotation
32:27 Husbandry
32:37 Bloodlines
33:31 Chain Barding Armor
33:46 Iron Casting
36:16 Conscription
35:17 Elite Monaspa
36:49 Plate Barding Armor
37:15 Blast Furnace
37:14 Aznauri Cavalry
41:17 Heavy Scorpion
43:12 Chemistry
42:33 Ballistics
44:31 Siege Engineers
爱睡觉的鳄鱼
10:28 Feudal Age
14:26 Castle Age
12:45 Double-Bit Axe
12:57 Horse Collar
15:29 Bow Saw
15:24 Heavy Plow
22:36 Wheelbarrow
25:24 Hand Cart
30:36 Imperial Age
27:53 Loom
27:53 Town Watch
30:12 Chemistry
29:44 Pikeman
30:24 Squires
30:25 Scale Mail Armor
30:59 Halberdier
31:55 Chain Mail Armor
31:50 Forging
33:08 Iron Casting
33:02 Guilds
33:27 Conscription
34:05 Plate Mail Armor
33:58 Masonry
35:47 Ballistics
35:33 Siege Engineers
37:13 Blast Furnace
37:23 Two-Man Saw
38:43 Fletching
38:53 Padded Archer Armor
39:55 Leather Archer Armor
41:10 Ring Archer Armor
41:25 Fervor
41:36 Sanctity
41:47 Bombard Tower
43:25 Wagenburg Tactics
47:13 Houfnice
48:08 Murder Holes
51:15 Coinage
53:13 Banking
58:23 Elite Skirmisher
59:05 Bodkin Arrow
61:14 Arson
Connection lost

Rejoining the realm…

Still unreachable

The connection could not be restored.

Session expired

The server has moved on; the page needs a fresh start.